 Dungeon Crawl Stone Soup version 0.31-a0-466-g98c9adc2b6 (webtiles) character file.

Game seed: 15559987511310227911

478 horus123 the Magician (level 6, 0/32 HPs)
             Began as a Deep Elf Earth Elementalist on Aug 6, 2023.
             Slain by a killer bee (4 damage)
             ... on level 4 of the Dungeon.
             The game lasted 00:05:52 (4194 turns).

horus123 the Magician (Deep Elf Earth Elementalist) Turns: 4194, Time: 00:05:52

Health: 0/32       AC:  4    Str:  7    XL:     6   Next: 85%
Magic:  18/18      EV: 17    Int: 22    God:
Gold:   289        SH:  0    Dex: 15    Spells: 18/19 levels left

rFire   . . .        p - +7 whip of the Walnut {freeze, rElec rPois Str+2}
rCold   + . .        (no shield)
rNeg    . . .        s - +1 leather armour {rC+}
rPois   +            (no helmet)
rElec   +            (no cloak)
rCorr   .            (no gloves)
SInv    .            (no boots)
Will    .....        (no amulet)
Stlth   ++           v - +5 ring of evasion
HPRegen 0.25/turn    (no ring)
MPRegen 0.16/turn

%: no passive effects
@: no status effects
A: no striking features
a: no special abilities


You were on level 4 of the Dungeon.
You visited 1 branch of the dungeon, and saw 5 of its levels.

You collected 289 gold pieces.

Inventory:

Hand Weapons
 h - a +0 rapier
 p - the +7 whip of the Walnut (weapon) {freeze, rElec rPois Str+2}
   (You found it on level 2 of the Dungeon)

   Str:       It affects your strength (+2).
   rElec:     It insulates you from electricity.
   rPois:     It protects you from poison.
Missiles
 u - 4 javelins
Armour
 a - a +0 robe
 k - an orb of mayhem
 s - a +1 leather armour of cold resistance (worn)
Magical Staves
 r - a staff of air
Jewellery
 v - a +5 ring of evasion (left hand)
Wands
 j - a wand of iceblast (9)
 t - a wand of mindburst (10)
 w - a wand of charming (7)
Scrolls
 c - 2 scrolls of enchant weapon {unknown}
 d - 7 scrolls of identify {unknown}
 f - 4 scrolls of teleportation {unknown}
 i - a scroll of revelation {unknown}
 q - a scroll of enchant armour {unknown}
Potions
 b - 3 potions of magic
 e - 2 potions of attraction {unknown}
 g - 2 potions of mutation {unknown}
 l - 4 potions of berserk rage {unknown}
 m - a potion of brilliance {unknown}
 n - a potion of heal wounds {unknown}
 o - a potion of lignification {unknown}


   Skills:
 + Level 1.0 Maces & Flails
 - Level 4.0 Armour
 - Level 2.4 Dodging
 - Level 2.4 Stealth
 - Level 7.0 Spellcasting
 - Level 1.1 Transmutations
 - Level 3.2 Earth Magic


You had 18 spell levels left.
You knew the following spells:

 Your Spells              Type           Power      Damage    Failure   Level
a - Sandblast             Erth           44%        2d11      3%          1

Your spell library contained the following spells:

 Spells                   Type           Power      Damage    Failure   Level
 Passwall                 Tmut/Erth      14%        N/A       8%          2
 Stone Arrow              Conj/Erth      28%        3d8       19%         3
 Call Canine Familiar     Summ           7%         N/A       34%         3
 Gell's Gravitas          Tloc           7%         N/A       34%         3
 Portal Projectile        Hex/Tloc       14%        N/A       34%         3
 Teleport Other           Tloc           7%         N/A       34%         3
 Petrify                  Tmut/Erth      17%        N/A       43%         4
 Leda's Liquefaction      Hex/Erth       7%         N/A       52%         4
 Dispersal                Tloc           3%         N/A       100%        6


Dungeon Overview and Level Annotations

Branches:
Dungeon (5/15)
 Temple: D:4-7

Altars:
Gozag
Okawaru
Yredelemnul
The Shining One


Message History

An orc wizard comes into view. It is wielding a +0 dagger.
The killer bee misses you.
There is a stone staircase leading up here.
The killer bee closely misses you.
The orc wizard mumbles some strange words.
The orc wizard flickers and vanishes!
You climb upwards.
Reactivating autopickup.
There is a stone staircase leading down here.
Magic restored.
You climb downwards.
The killer bee buzzes angrily.
The killer bee completely misses you. x2; The killer bee barely misses you.
An iguana comes into view.
The ogre barely misses you. The killer bee closely misses you.
The killer bee stings you.
The orc priest hits you with a +0 short sword.
There is a stone staircase leading up here.
The killer bee barely misses you.
The killer bee stings you but does no damage.
The killer bee barely misses you. The orc priest completely misses you.
The killer bee completely misses you.
You climb upwards.
There is a stone staircase leading down here.
The ogre attacks as you move away!
The ogre hits you with a +0 giant club!!
Ouch! That really hurt!
* * * LOW HITPOINT WARNING * * *
The killer bee attacks as you move away!
The killer bee stings you.
* * * LOW HITPOINT WARNING * * *
The killer bee stings you.
* * * LOW HITPOINT WARNING * * *
The killer bee misses you.
The orc priest hits you with a +0 short sword.
* * * LOW HITPOINT WARNING * * *
The killer bee barely misses you. x2; The killer bee closely misses you.
The killer bee attacks as you move away!
The killer bee stings you.
You die...

.##.........####.# #.#
..+.........'.>..#######.#
####.......##.##.........## ##
#.......##.#########...## # .#
####'####.....# ##.....## # .###
#..##.##..#.# ##.......## #
...###.###.##...O###.........####
...............yyo.'.........'...
###############y@###......<..####
..............##.# ##.......## #
...#...#...#..##.# ##.....## #
............._#..# ##...## #
...#...#...#..#### ##'## #
..............# #.#
############### #.# ##.# #.#
##.## ##.# #.# ##...##


You could see an ogre, 3 killer bees and an orc priest.

Vanquished Creatures
  A black bear (D:4)
  An ogre (D:4)
  4 hounds
  2 jellies (D:4)
  A sleepcap (D:4)
  An adder (D:4)
  2 ufetubi
  2 worms
  2 dart slugs
  8 orcs
  7 ball pythons
  6 endoplasms
  2 giant cockroaches
  4 goblins
  6 hobgoblins
  7 bats
  4 frilled lizards
  8 kobolds
  3 rats
71 creatures vanquished.

Notes
Turn   | Place    | Note
-------+----------+-------------------------------------------
     0 | D:1      | horus123 the Deep Elf Earth Elementalist began the quest
                  | for the Orb.
     0 | D:1      | Reached XP level 1. HP: 10/10 MP: 6/6
   287 | D:1      | Reached skill level 4 in Spellcasting
   287 | D:1      | Reached XP level 2. HP: 15/15 MP: 7/9
  1015 | D:2      | You fall into a shaft and drop 2 floors!
  1395 | D:2      | Found an opulent altar of Gozag.
  1564 | D:2      | Identified the +7 whip of the Walnut {freeze, rElec rPois
                  | Str+2}
  1648 | D:2      | Reached XP level 3. HP: 19/19 MP: 11/11
  1908 | D:2      | Reached skill level 5 in Spellcasting
  2270 | D:3      | Found a basalt altar of Yredelemnul.
  2278 | D:3      | Reached XP level 4. HP: 22/24 MP: 7/13
  2425 | D:3      | Reached skill level 6 in Spellcasting
  3011 | D:4      | Noticed an ogre
  3016 | D:4      | Killed an ogre
  3016 | D:4      | Noticed a black bear
  3017 | D:4      | Reached skill level 7 in Spellcasting
  3017 | D:4      | Reached skill level 1 in Armour
  3017 | D:4      | Reached XP level 5. HP: 28/28 MP: 10/16
  3018 | D:4      | Killed a black bear
  3124 | D:4      | Reached XP level 6. HP: 32/32 MP: 14/18
  3391 | D:4      | Found a glowing golden altar of the Shining One.
  3412 | D:4      | Found an iron altar of Okawaru.
  4043 | D:5      | Entered Level 5 of the Dungeon
  4056 | D:5      | Reached skill level 1 in Maces & Flails
  4194 | D:4      | Slain by a killer bee

Illustrated notes

Levels and vault maps discovered:
D:1:      tarquinn_simple_flora_water_a, layout_basic
D:2:      layout_basic, basic_altar, serial_bayou_crossing
D:3:      layout_basic, lemuel_tele_altar
D:4:      nicolae_cairo_tiling_very_big, layout_loops_corners,
          mainiacjoe_overflow_tiny_flanked, lemuel_coloured_pillars_altar,
          minmay_unequal
D:5:      layout_rooms, gammafunk_ghost_split, minmay_misc_feat_hallway,
          grunt_decor_cap

Skill      XL: |  1  2  3  4  5  6 |
---------------+-------------------+-----
Spellcasting   | 4 5 7 |  7.0
Armour         | 1 3 4 |  4.0
Maces & Flails | 1 |  1.0
Dodging        | |  2.4
Stealth        | |  2.4
Transmutations | |  1.1
Earth Magic    | |  3.2

Action                     |  1- 3 |  4- 6 || total
---------------------------+-------+-------++-------
  Melee: Whip              |     7 |       ||     7
         Punch             |     1 |       ||     1
   Cast: Sandblast         |    37 |    74 ||   111
 Armour: Robe              |       |     5 ||     5
         Leather armour    |       |     9 ||     9
  Dodge: Dodged            |    14 |    49 ||    63

Table legend: (Time is in decaauts)
 A = Elapsed time spent in this place.
 B = Non-inter-level travel time spent in this place.
 C = Inter-level travel time spent in this place.
 D = Time resting spent in this place.
 E = Time spent auto-exploring this place.
 F = Levels seen in this place.
 G = Mean time per level.
                   A        B        C        D        E       F      G
               +--------+--------+--------+--------+--------+-----+--------+
         Total |   4253 |   4103 |    150 |    113 |   3506 |   5 |  850.6 |
       Dungeon |   4253 |   4103 |    150 |    113 |   3506 |   5 |  850.6 |
               +--------+--------+--------+--------+--------+-----+--------+

Top non-repeatable levels by time:
     D:4: 1313 daAuts
     D:2: 1032 daAuts
     D:3: 944 daAuts
     D:1: 813 daAuts
     D:5: 150 daAuts
